 Seeded DCSS version 0.31-a0-369-g8eba5f6939 (webtiles) character file.

Game seed: 18070899122180095218 (custom seed)

9 GilGalad the Slasher (level 2, 25/25 HPs)
             Began as a Minotaur Gladiator on July 29, 2023.
             Got out of the dungeon alive.
             The game lasted 00:00:36 (296 turns).

GilGalad the Slasher (Minotaur Gladiator)            Turns: 296, Time: 00:00:36

Health: 25/25      AC:  3    Str: 18    XL:     2   Next: 3%
Magic:  1/1        EV: 12    Int:  5    God:
Gold:   26         SH:  0    Dex: 11    Spells: 1/1 levels left

rFire   . . .        k - +2 short sword (vamp)
rCold   . . .        (no shield)
rNeg    . . .        b - +0 leather armour
rPois   .            c - +0 hat
rElec   .            (no cloak)
rCorr   .            (no gloves)
SInv    .            (no boots)
Will    .....        (no amulet)
Stlth   +            (no ring)
HPRegen 0.24/turn    (no ring)
MPRegen 0.07/turn

%: no passive effects
@: no status effects
A: horns 2, retaliatory headbutt
a: no special abilities


You escaped.
You visited 1 branch of the dungeon, and saw 1 of its levels.

You collected 26 gold pieces.

Inventory:

Hand Weapons
 a - a +0 long sword
 k - a +2 vampiric short sword (weapon)
Missiles
 d - 3 throwing nets (quivered)
 e - a javelin
Armour
 b - a +0 leather armour (worn)
 c - a +0 hat (worn)
Jewellery
 f - a +6 ring of dexterity
Scrolls
 g - a scroll of immolation {unknown}
 i - a scroll of fog {unknown}
Potions
 h - a potion of heal wounds {unknown}
 j - a potion of haste {unknown}
 l - a potion of brilliance {unknown}


   Skills:
 + Level 2.7 Fighting
 + Level 3.8 Long Blades
 + Level 2.1 Throwing
 + Level 3.4 Dodging


You had one spell level left.
You didn't know any spells.
Your spell library was empty.

Dungeon Overview and Level Annotations

Branches:
Dungeon (1/15)

Altars:


Innate Abilities, Weirdness & Mutations

You have a pair of horns on your head.
You reflexively headbutt those who attack you in melee.


Message History

A giant cockroach comes into view.
The frilled lizard barely misses you.
You barely miss the frilled lizard. You headbutt the frilled lizard.
You kill the frilled lizard!
You hit the giant cockroach but do no damage.
The giant cockroach barely misses you.
You hit the giant cockroach.
The giant cockroach is severely wounded.
The giant cockroach misses you.
You hit the giant cockroach.
You kill the giant cockroach!
No target in view!
You see here a frilled lizard corpse.
You open the door.
A giant cockroach comes into view.
A giant cockroach is nearby!
You closely miss the giant cockroach.
The giant cockroach bites you but does no damage.
You hit the giant cockroach.
The giant cockroach is almost dead.
The giant cockroach barely misses you.
You closely miss the giant cockroach.
You headbutt the giant cockroach, but do no damage.
The giant cockroach is almost dead.
The giant cockroach bites you but does no damage.
You hit the giant cockroach but do no damage.
The giant cockroach is almost dead.
The giant cockroach bites you.
You hit the giant cockroach.
You kill the giant cockroach!
You have reached level 2!
Found a scroll labelled RUTOULA ITILIM.
There is an open door here.
You see here a giant cockroach corpse.
Found a spear.
You open the door.
There is an open door here.
There is a staircase leading out of the dungeon here.
Are you sure you want to leave the Dungeon?
This will make you lose the game!
You have escaped!

### #.. ##.# ... ###..#
#.# ##....# #.#
##.....## #.# #.......#
#.# ##.......## #.# ###
..# #....@....##
##.###.. #.#
##.......#.####...##.#
#.#
####...................#
#.#
#.........##.####...####
#.# #.###...###.## ##.##
#.# # #..#.#.# #.# #.#
#..##.# #.# ######.###
#....## ##+## .........#
##.#.# ##...##


There were no monsters in sight!

Vanquished Creatures
  2 giant cockroaches (D:1)
  A hobgoblin (D:1)
  A kobold (D:1)
  A bat (D:1)
  2 frilled lizards (D:1)
  2 rats (D:1)
9 creatures vanquished.

Notes
Turn   | Place    | Note
-------+----------+-------------------------------------------
     0 | D:1      | GilGalad the Minotaur Gladiator began the quest for the
                  | Orb.
     0 | D:1      | Reached XP level 1. HP: 18/18 MP: 0/0
   254 | D:1      | Reached XP level 2. HP: 24/25 MP: 1/1
   296 | D:$      | Got out of the dungeon alive.

Illustrated notes

Levels and vault maps discovered:
D:1:      dpeg_arrival_orchard, layout_loops_corners, minmay_statues_item

Action                     || total
---------------------------++-------
  Melee: Short sword       ||     9
         Long sword        ||     8
         Headbutt          ||     5
 Armour: Leather armour    ||     4
  Dodge: Dodged            ||     8

Table legend: (Time is in decaauts)
 A = Elapsed time spent in this place.
 B = Non-inter-level travel time spent in this place.
 C = Inter-level travel time spent in this place.
 D = Time resting spent in this place.
 E = Time spent auto-exploring this place.
 F = Levels seen in this place.
 G = Mean time per level.
                   A        B        C        D        E       F      G
               +--------+--------+--------+--------+--------+-----+--------+
         Total |    296 |    255 |     41 |      0 |    207 |   1 |  296.0 |
       Dungeon |    296 |    255 |     41 |      0 |    207 |   1 |  296.0 |
               +--------+--------+--------+--------+--------+-----+--------+

Top non-repeatable levels by time:
     D:1: 296 daAuts
